 Dungeon Crawl Stone Soup version 0.19.1-1-g22dce08 (webtiles) character file.

304517 Sayumi the Warrior (level 20, -7/192 HPs)
             Began as a Minotaur Fighter on Jan 11, 2017.
             Was the Champion of the Shining One.
             Mangled by a tentacled monstrosity (9 damage)
             ... on level 4 of the Depths on Jan 12, 2017.
             The game lasted 04:26:38 (38799 turns).

Sayumi the Warrior (Minotaur Fighter)              Turns: 38799, Time: 04:26:40

Health: -7/192     AC: 16    Str: 26    XL:     20   Next: 26%
Magic:  17/17      EV: 14    Int:  9    God:    the Shining One [******]
Gold:   1285       SH: 16    Dex: 20    Spells: 1 memorised, 20 levels left

rFire  + + .     SeeInvis .     a - +10 morningstar "Eos" {elec, Halo rElec}
rCold  + . .     Gourm    .     T - +4 plate armour {MR+}
rNeg   + + +     Faith    .     c - +0 shield
rPois  +         Spirit   .     U - +2 hat of Hadjma {*Corrode +Inv rN+ Dex+4}
rElec  +         Reflect  .     h - +2 cloak {+Inv}
rCorr  +         Harm     .     L - +0 pair of gloves "Xewezair" {rF+ MP-9 Int+4 Dex+2}
MR     +++..                    O - +1 pair of boots {Fly}
Stlth  ..........               s - amulet of regeneration
                                y - +3 ring of protection
                                Z - ring of protection from magic

@: resistant, corroded, flying, glowing, constricted
A: retaliatory headbutt, horns 2
a: Divine Shield, Cleansing Flame, Summon Divine Warrior, Brand Weapon With Holy
Wrath, Renounce Religion, Evoke Invisibility, Stop Flying
}: 2/15 runes: serpentine, barnacled


You were on level 4 of the Depths.
You worshipped the Shining One.
The Shining One was exalted by your worship.
You were not hungry.

You visited 7 branches of the dungeon, and saw 36 of its levels.
You visited 1 bazaar.
You also visited: Ossuary and Ice Cave.

You collected 3031 gold pieces.
You spent 1746 gold pieces at shops.

Inventory:

Hand Weapons
 a - the +10 morningstar "Eos" (weapon) {elec, Halo rElec}
   (You bought it in a shop on level 8 of the Dungeon)

   Occasionally, upon striking a foe, it will discharge some electrical energy
   and cause terrible harm.
   It insulates you from electricity.
Missiles
 E - 7 tomahawks (quivered)
Armour
 c - a +0 shield (worn)
 h - a +2 cloak of invisibility (worn)
 L - the +0 pair of gloves "Xewezair" (worn) {rF+ MP-9 Int+4 Dex+2}
   (You acquired it on level 6 of the Lair of Beasts)

   It affects your intelligence (+4).
   It affects your dexterity (+2).
   It protects you from fire.
   It affects your magic capacity (-9).
 O - a +1 pair of boots of flying (worn)
 T - a +4 plate armour of magic resistance (worn)
 U - the +2 hat of Hadjma (worn) {*Corrode +Inv rN+ Dex+4}
   (You acquired it on level 12 of the Dungeon)

   It affects your dexterity (+4).
   It protects you from negative energy.
   It lets you turn invisible.
   It may corrode you when you take damage.
Jewellery
 e - a +5 ring of dexterity
 i - an uncursed ring of protection from cold
 k - an uncursed ring of resist corrosion
 s - an amulet of regeneration (around neck)
 y - a +3 ring of protection (right hand)
 X - an uncursed ring of poison resistance
 Y - a +3 ring of strength
 Z - a ring of protection from magic (left hand)
Wands
 Q - a wand of disintegration (17/24)
Scrolls
 d - 5 scrolls of teleportation
 j - 6 scrolls of enchant armour
 l - 8 scrolls of enchant weapon
 o - a scroll of acquirement
 r - 3 scrolls of blinking
 B - 5 scrolls of recharging
 C - 13 scrolls of remove curse
 F - 8 scrolls of magic mapping
 H - 2 scrolls of fog
 R - 2 scrolls of brand weapon
Potions
 b - 2 potions of magic {unknown}
 g - 4 potions of haste
 m - 3 potions of lignification
 p - 2 potions of berserk rage
 w - 4 potions of invisibility {unknown}
 x - 2 potions of cancellation
 z - 3 potions of ambrosia {unknown}
 I - 4 potions of agility {unknown}
 J - 5 potions of cure mutation
 K - a potion of mutation {unknown}
 S - 2 potions of might
Miscellaneous
 t - a lamp of fire
 u - 2 boxes of beasts
 A - a disc of storms
 D - a phantom mirror
 G - a lamp of fire
Comestibles
 f - 10 bread rations
 n - 14 royal jellies
 q - 11 meat rations
 v - 30 beef jerkies
 N - a chunk of flesh
 P - 2 fruits


   Skills:
 * Level 19.6 Fighting
 - Level 18.0 Maces & Flails
 + Level 6.9 Throwing
 * Level 19.3 Armour
 + Level 13.4 Dodging
 * Level 18.4 Shields
 - Level 1.8 Spellcasting
 - Level 3.0 Translocations
 - Level 2.5 Invocations
 - Level 10.0 Evocations


You had 20 spell levels left.
You knew the following spells:

 Your Spells              Type           Power        Failure   Level  Hunger
a - Blink                 Tloc           N/A          77%         2    ###....


Dungeon Overview and Level Annotations

Branches:
Dungeon (15/15)            Temple (1/1) D:5            Lair (6/6) D:9
 Shoals (4/4) Lair:3        Snake (4/4) Lair:3        Slime (0/5) Lair:6
    Orc (2/2) D:10            Elf (0/3) Orc:2        Vaults (0/5) D:14
 Depths (4/5) D:15

Altars:
Ashenzari
Cheibriados
Dithmenos
Elyvilon
Fedhas
Gozag
Hepliaklqana
Kikubaaqudgha
Makhleb
Nemelex Xobeh
Okawaru
Qazlal
Ru
Sif Muna
Trog
Uskayaw
Vehumet
Xom
Yredelemnul
Zin
The Shining One
Beogh

Shops:
D:8 *!!(   D:12 [=   Orc:2 ((:=   Shoals:4 *   Snake:2 *   Snake:4 =
Depths:3 }*[

Portals:
Hell: Depths:1 Depths:2 Depths:3 Depths:4
Abyss: Depths:3 Depths:4
Pandemonium: Depths:3
Ziggurat: Depths:2
Trove: Depths:1 (give 2 scrolls of acquirement)

Annotations:
Lair:6 exclusion: 2 oklob plants


Innate Abilities, Weirdness & Mutations

You reflexively headbutt those who attack you in melee.
You have a pair of horns on your head.


Message History

The tentacled monstrosity constricts you!
You hit the tentacled monstrosity but do no damage.
You headbutt the tentacled monstrosity, but do no damage.
The tentacled monstrosity is severely wounded.
You block the tentacled monstrosity's attack.
The tentacled monstrosity barely misses you.
The tentacled monstrosity tentacle-slaps you but does no damage.
* * * LOW HITPOINT WARNING * * *
The tentacled monstrosity constricts you.
Okay, then.
You bludgeon the tentacled monstrosity!!
The tentacled monstrosity is almost dead.
You hit the tentacled monstrosity but do no damage.
The tentacled monstrosity is almost dead.
The tentacled monstrosity tentacle-slaps you!
The Shining One protects you from harm!
You block the tentacled monstrosity's attack.
The tentacled monstrosity tentacle-slaps you.
* * * LOW HITPOINT WARNING * * *
You die...

#.#..#....#.8^.#
#....#....#....#
#..†.#....#....#
###††.#..#.#..[.#
#..'###.##.#....#
##....#^.8.##....#
##....##..#.#....##
##.....#..##.##X..#
##.....##....##.@###
......##.....#....#
b....###....##....#
'...###''..##....##
#.###..''###.#...#
###.....###.##..##
#.......##.#...##
...#...##.##..##
#8##..##.#8.∩##


You could see a tentacled monstrosity.

Vanquished Creatures
  Vashnia (Snake:4)
  Jory (Depths:2)
  Nikola (Snake:4)
  A lich (Depths:1)
  Polyphemus (Shoals:3)
  A kraken (Shoals:2)
  6 nagarajas
  A storm dragon (Depths:4)
  Ilsuiw (Shoals:4)
  A tengu reaver (Depths:2)
  3 frost giants
  The ghost of Angani the Spry, an adept SpWr of Dithmenos (Snake:4)
  7 fire giants
  An emperor scorpion (D:15)
  2 ghost moths (Depths:2)
  3 orc warlords (Orc:2)
  The ghost of senny the Protected, a journeyman GrFi of the Shining One (Shoals:1)
  13 stone giants
  15 very ugly things
  Nessos (Orc:2)
  4 vampire knights (Depths:2)
  The ghost of alp the Unseen, a journeyman SpEn of Kikubaaqudgha (Snake:1)
  A lorocyproca (Depths:3)
  A dire elephant (D:15)
  6 ettins
  12 fire dragons
  11 merfolk javelineers
  3 merfolk impalers
  The ghost of eXcel the Stickfighter, a journeyman MiGl of Okawaru (D:10)
  3 ogre magi
  Erolcha (Orc:2)
  5 rakshasas
  A great orb of eyes (shapeshifter) (Depths:3)
  The ghost of alp the Carver, a journeyman TeBe of Trog (D:13)
  11 ice dragons
  4 hydras
  A vault guard (D:14)
  Fannar (Lair:2)
  7 anacondas
  Erica (D:10)
  2 merfolk avatars
  A catoblepas (Shoals:3)
  9 naga warriors
  2 satyrs
  4 merfolk aquamancers
  A spriggan air mage (Depths:4)
  An alligator snapping turtle (Shoals:4)
  5 centaur warriors
  2 deep troll shamans
  5 orc high priests (Orc:2)
  2 death yaks (Shoals:3)
  2 spriggan berserkers
  5 shock serpents
  A vampire mage (Depths:4)
  14 naga sharpshooters
  6 deep troll earth magi
  A sun demon (Depths:3)
  9 shadow wraiths (Depths:2)
  An iron troll (Depths:1)
  3 salamander mystics (Snake:4)
  2 hell knights (Depths:2)
  2 glowing orange brains (Depths:3)
  7 sea snakes
  5 flayed ghosts
  A torturous demonspawn (Depths:3)
  8 deep trolls
  An unseen horror (D:12)
  A wizard (Depths:4)
  9 naga ritualists
  8 orc knights
  5 phantasmal warriors (Depths:2)
  12 harpies
  Pikel (D:4)
  A necromancer (Depths:4)
  7 hill giants
  A salamander (Snake:2)
  A fire giant zombie (Depths:4)
  17 ugly things
  11 mana vipers
  A deep elf mage (D:13)
  13 fauns
  4 orc sorcerers
  21 manticores
  A tengu skeleton (Depths:4)
  4 cyclopes
  Maurice (D:9)
  14 naga magi
  14 elephants
  6 guardian serpents (Snake:4)
  28 black mambas
  7 sirens
  Psyche (D:9)
  3 gargoyles
  7 water nymphs
  9 rime drakes
  10 spiny frogs
  A rime drake (shapeshifter) (D:14)
  13 komodo dragons
  5 yaktaurs
  2 efreet
  4 kobold demonologists
  3 tengu conjurers
  A merfolk (shapeshifter) (Depths:3)
  3 ice devils
  3 meliai (D:11)
  A red devil (Depths:3)
  18 trolls
  A jumping spider (D:13)
  20 merfolk
  Prince Ribbit (D:9)
  12 wind drakes
  9 polar bears
  8 two-headed ogres
  A wind drake (shapeshifter) (Depths:1)
  Grinder (D:4)
  19 slime creatures
  7 snapping turtles
  5 dream sheep (Lair:6)
  3 raiju (Lair:6)
  12 hippogriffs
  3 redbacks (D:13)
  8 shadows
  Sigmund (D:5)
  2 air elementals (Depths:4)
  A vampire (D:10)
  13 water elementals
  An elf skeleton (Depths:4)
  3 spriggans (Lair:3)
  5 wraiths
  42 yaks
  6 basilisks
  Eustachio (D:4)
  A golden eye (shapeshifter) (Depths:4)
  5 wyverns
  3 hungry ghosts
  A steam dragon (D:9)
  13 vampire mosquitoes
  A neqoxec (Depths:3)
  Menkaure (D:5)
  8 wargs
  5 mottled dragons
  48 nagas
  12 water moccasins
  2 soldier ants (D:9)
  7 hell hounds (Lair:6)
  8 porcupines
  2 slaves (D:4)
  A swamp drake (Lair:6)
  4 floating eyes
  A hornet zombie (D:12)
  44 orc warriors
  2 sky beasts
  6 phantoms
  3 ice beasts
  A necrophage (D:9)
  33 ogres
  14 black bears
  11 centaurs
  4 boggarts
  15 wolves
  A tengu (shapeshifter) (Depths:2)
  19 crocodiles
  2 big kobolds
  18 bullfrogs
  2 wyvern zombies
  A wyvern skeleton (D:8)
  A scorpion (D:4)
  17 killer bees
  7 wights
  7 howler monkeys
  10 crimson imps
  A human zombie (Ossuary)
  2 centaur zombies
  A quasit (Depths:3)
  8 centaur skeletons
  20 hounds
  2 jellies
  Crazy Yiuf (D:2)
  35 orc priests
  A bullfrog skeleton (D:8)
  3 iron imps
  26 orc wizards
  Jessica (D:3)
  13 iguanas
  16 worker ants
  8 ogre zombies (D:10)
  4 mummies
  A worker ant zombie (D:11)
  7 adders
  3 shadow imps
  A white imp (Depths:3)
  An ufetubus (Depths:3)
  2 oozes
  2 adder skeletons (D:7)
  4 worms
  2 dart slugs
  9 leopard geckos
  137 orcs
  8 bats
  8 giant cockroaches
  A gnoll zombie (Ossuary)
  11 goblins
  16 hobgoblins
  14 jackals
  4 quokkas
  2 ball pythons
  6 frilled lizards
  2 goblin skeletons (D:10)
  A goblin zombie (Ossuary)
  A hobgoblin skeleton (D:10)
  6 hobgoblin zombies
  18 kobolds
  A kobold zombie (Ossuary)
  4 orc skeletons (D:10)
  19 orc zombies
  A quokka skeleton (D:5)
  5 rats
  17 plants
  4 tentacles (Shoals:2)
1498 creatures vanquished.

Vanquished Creatures (others)
  A naga warrior (Snake:4)
  A naga sharpshooter (Snake:4)
  A flayed ghost (Depths:1)
  2 nagas (Snake:4)
  A hound (D:4)
  41 plants
  12 tentacles (Shoals:2)
59 creatures vanquished.

Grand Total: 1557 creatures vanquished

Notes
Turn   | Place    | Note
-------+----------+-------------------------------------------
     0 | D:1      | Sayumi the Minotaur Fighter began the quest for the Orb.
     0 | D:1      | Reached XP level 1. HP: 19/19 MP: 0/0
   259 | D:1      | Reached XP level 2. HP: 23/27 MP: 1/1
   641 | D:2      | Reached XP level 3. HP: 33/33 MP: 2/2
   781 | D:2      | Found a basalt altar of Yredelemnul.
   796 | D:2      | Found a sparkling altar of Nemelex Xobeh.
   796 | D:2      | Found a hazy altar of Hepliaklqana.
   816 | D:2      | Found a white marble altar of Elyvilon.
   829 | D:2      | Found a burning altar of Makhleb.
  1380 | D:2      | Found a runed door.
  1384 | D:2      | Noticed Crazy Yiuf
  1389 | D:2      | Killed Crazy Yiuf
  1389 | D:2      | Reached skill level 5 in Maces & Flails
  1389 | D:2      | Reached XP level 4. HP: 40/40 MP: 3/3
  1699 | D:3      | Reached XP level 5. HP: 34/46 MP: 4/4
  1934 | D:3      | Noticed Jessica
  1938 | D:3      | Killed Jessica
  2239 | D:4      | Noticed Grinder
  2262 | D:4      | HP: 1/46 [Grinder (2)]
  2275 | D:4      | Killed Grinder
  2275 | D:4      | Reached XP level 6. HP: 8/52 MP: 5/5
  2488 | D:4      | Found a shimmering altar of Xom.
  2575 | D:4      | Reached XP level 7. HP: 53/58 MP: 6/6
  2587 | D:4      | Noticed Eustachio
  2860 | D:4      | Killed Eustachio
  2860 | D:4      | Reached skill level 10 in Maces & Flails
  2974 | D:4      | Noticed Pikel
  2995 | D:4      | Killed Pikel
  2995 | D:4      | Reached XP level 8. HP: 45/66 MP: 7/7
  3590 | D:5      | Entered Level 5 of the Dungeon
  3590 | D:5      | Noticed Menkaure
  3600 | D:5      | Killed Menkaure
  3600 | D:5      | Reached skill level 1 in Dodging
  3640 | D:5      | Noticed Sigmund
  3710 | D:5      | Killed Sigmund
  3710 | D:5      | Reached skill level 5 in Fighting
  3710 | D:5      | Reached skill level 5 in Armour
  3783 | D:5      | Found a blossoming altar of Fedhas.
  3838 | D:5      | Reached skill level 5 in Shields
  3986 | D:5      | Found a sand-covered staircase.
  3993 | Ossuary  | Entered an ossuary
  4144 | Ossuary  | Reached XP level 9. HP: 74/74 MP: 8/8
  4478 | D:5      | Found a staircase to the Ecumenical Temple.
  4490 | Temple   | Entered the Ecumenical Temple
  4735 | Temple   | Became a worshipper of the Shining One
  5064 | D:6      | Got a bone mace
  5065 | D:6      | Identified the +5 mace of the Evening {chaos, Int+3} (You found it on level 6 of the Dungeon)
  5676 | D:7      | Reached * piety under the Shining One
  6131 | D:8      | Found Efaesab's Antique Weapon Shop.
  6328 | D:8      | Found Ybbuus's Distillery.
  6337 | D:8      | Bought a potion of curing for 33 gold pieces
  6355 | D:8      | Found Ypoa's Distillery.
  6620 | D:8      | Found Fytex's General Store.
  6809 | D:9      | Found a snail-covered altar of Cheibriados.
  6809 | D:9      | Noticed Maurice
  6809 | D:9      | Noticed Prince Ribbit
  6825 | D:9      | Reached XP level 10. HP: 51/86 MP: 9/9
  6887 | D:9      | Found a blossoming altar of Fedhas.
  7018 | D:9      | Killed Prince Ribbit
  7018 | D:9      | Reached skill level 1 in Evocations
  7088 | D:9      | Noticed Psyche
  7204 | D:9      | Found a staircase to the Lair.
  7726 | D:9      | Reached ** piety under the Shining One
  7736 | D:9      | Killed Psyche
  7779 | D:9      | Reached skill level 5 in Dodging
  8205 | D:9      | Reached XP level 11. HP: 97/97 MP: 12/12
  8395 | D:9      | Killed Maurice
  8667 | Lair:1   | Entered Level 1 of the Lair of Beasts
  9286 | Lair:1   | Reached skill level 10 in Armour
  9794 | Lair:2   | Reached skill level 10 in Fighting
 10042 | Lair:2   | Found a frozen archway.
 10066 | IceCv    | Entered an ice cave
 10366 | Lair:2   | Noticed Fannar
 10389 | Lair:2   | Killed Fannar
 10389 | Lair:2   | Reached skill level 10 in Shields
 10437 | Lair:2   | Noticed a five-headed hydra
 10448 | Lair:2   | Killed a five-headed hydra
 10643 | Lair:3   | Reached *** piety under the Shining One
 10961 | Lair:3   | Found a staircase to the Shoals.
 10966 | Lair:3   | Reached XP level 12. HP: 108/108 MP: 14/14
 11518 | Lair:3   | Noticed a naga warrior
 11569 | Lair:3   | Killed a naga warrior
 11716 | Lair:3   | Found a staircase to the Snake Pit.
 12860 | Lair:4   | Reached skill level 5 in Evocations
 13327 | Lair:4   | Reached XP level 13. HP: 95/119 MP: 15/15
 13969 | D:8      | Bought the +10 morningstar "Eos" {elec, Halo rElec} for 962 gold pieces
 14811 | Lair:6   | Entered Level 6 of the Lair of Beasts
 14811 | Lair:6   | Found a staircase to the Slime Pits.
 14811 | Lair:6   | Reached **** piety under the Shining One
 15162 | Lair:6   | Reached skill level 15 in Maces & Flails
 15633 | Lair:6   | Identified a scroll of acquirement
 15638 | Lair:6   | Got a pair of distressingly furry gloves
 15641 | Lair:6   | Identified the +0 pair of gloves "Xewezair" {rF+ MP-9 Int+4 Dex+2} (You acquired it on level 6 of the Lair of Beasts)
 15817 | Lair:6   | Reached ***** piety under the Shining One
 16077 | Lair:6   | Noticed a fire dragon
 16092 | Lair:6   | Killed a fire dragon
 16369 | D:10     | Entered Level 10 of the Dungeon
 16386 | D:10     | Noticed eXcel's ghost (journeyman MiGl)
 16394 | D:10     | Killed eXcel's ghost
 16480 | D:10     | Found a staircase to the Orcish Mines.
 16525 | D:10     | Reached XP level 14. HP: 127/127 MP: 7/16
 16531 | D:10     | Reached ****** piety under the Shining One
 16663 | D:10     | You fall through a shaft!
 16874 | D:10     | Noticed Erica
 16879 | D:10     | Killed Erica
 17182 | Orc:1    | Entered Level 1 of the Orcish Mines
 17619 | Orc:2    | Entered Level 2 of the Orcish Mines
 17619 | Orc:2    | Noticed Erolcha
 17652 | Orc:2    | Killed Erolcha
 17915 | Orc:2    | Found a roughly hewn altar of Beogh.
 17916 | Orc:2    | Noticed an orc warlord
 17925 | Orc:2    | Killed an orc warlord
 17963 | Orc:2    | Noticed an orc warlord
 17972 | Orc:2    | Killed an orc warlord
 18034 | Orc:2    | Found Okhlocue's Antique Weapon Emporium.
 18058 | Orc:2    | Found Eklidghao's Antique Weapon Shoppe.
 18287 | Orc:2    | Noticed Nessos
 18289 | Orc:2    | Noticed an orc warlord
 18307 | Orc:2    | Killed Nessos
 18472 | Orc:2    | Killed an orc warlord
 18670 | Orc:2    | Found Pear's Jewellery Boutique.
 18735 | Orc:2    | Found a roughly hewn altar of Beogh.
 18782 | Orc:2    | Found Geps's Book Shop.
 19401 | Orc:2    | Found a staircase to the Elven Halls.
 19469 | Orc:2    | Bought an uncursed ring of poison resistance for 260 gold pieces
 19930 | D:11     | Found a runed door.
 20008 | D:11     | Found a roughly hewn altar of Beogh.
 20416 | D:12     | Reached XP level 15. HP: 137/137 MP: 9/18
 20626 | D:12     | Found Pibloe Avawn's Armour Boutique.
 20645 | D:12     | Found Boufrufu's Jewellery Boutique.
 20666 | D:12     | hyvia sormuksia
 21135 | D:12     | Got a translucent hat
 21138 | D:12     | Identified the +2 hat of Hadjma {*Corrode +Inv rN+ Dex+4} (You acquired it on level 12 of the Dungeon)
 21465 | D:13     | Reached skill level 1 in Invocations
 21630 | D:13     | Reached skill level 1 in Spellcasting
 21772 | D:13     | Noticed alp's ghost (journeyman TeBe)
 21790 | D:13     | Killed alp's ghost
 22362 | D:14     | Found a shattered altar of Ashenzari.
 22558 | D:14     | Found a gate to the Vaults.
 22892 | D:14     | Reached skill level 10 in Dodging
 23392 | D:15     | Entered Level 15 of the Dungeon
 23585 | D:15     | Found a staircase to the Depths.
 23598 | D:15     | HP: 3/139 [emperor scorpion (12)]
 23598 | D:15     | The Shining One protects you from harm!
 24897 | Shoals:1 | Entered Level 1 of the Shoals
 25121 | Shoals:1 | Noticed senny's ghost (journeyman GrFi)
 25148 | Shoals:1 | Reached XP level 16. HP: 86/147 MP: 11/20
 25181 | Shoals:1 | Killed senny's ghost
 25181 | Shoals:1 | Reached skill level 15 in Armour
 25472 | Shoals:1 | Reached skill level 15 in Fighting
 25695 | Snake:1  | Entered Level 1 of the Snake Pit
 25755 | Snake:1  | Noticed alp's ghost (journeyman SpEn)
 25787 | Snake:1  | Killed alp's ghost
 26683 | Snake:2  | You fall through a shaft!
 27436 | Snake:4  | Entered Level 4 of the Snake Pit
 27436 | Snake:4  | Found Jaukeih's Jewellery Emporium.
 27490 | Snake:4  | Noticed Nikola
 27515 | Snake:4  | Killed Nikola
 27840 | Snake:4  | Noticed Vashnia
 27885 | Snake:4  | Killed Vashnia
 27940 | Snake:4  | Reached XP level 17. HP: 139/158 MP: 13/22
 28317 | Snake:4  | Noticed Angani's ghost (adept SpWr)
 28329 | Snake:4  | Killed Angani's ghost
 28494 | Snake:4  | Reached skill level 15 in Shields
 28722 | Snake:4  | Reached skill level 10 in Evocations
 28745 | Snake:4  | Got a serpentine rune of Zot
 28794 | Snake:4  | Learned a level 2 spell: Blink
 29291 | Snake:2  | Found Sesommy's Assorted Antiques.
 29297 | Snake:2  | Bought a scroll of enchant armour for 187 gold pieces
 29297 | Snake:2  | Bought a scroll of identify for 50 gold pieces
 29896 | Shoals:2 | Reached skill level 1 in Throwing
 29939 | Shoals:2 | Noticed a kraken
 29988 | Shoals:2 | Killed a kraken
 30060 | Shoals:2 | Reached skill level 1 in Translocations
 30595 | Shoals:3 | Noticed Polyphemus
 30644 | Shoals:3 | Killed Polyphemus
 30994 | Shoals:4 | Entered Level 4 of the Shoals
 31012 | Shoals:4 | Found Geleudatt's General Store.
 31071 | Shoals:4 | Bought a scroll of identify for 32 gold pieces
 31091 | Shoals:4 | Reached XP level 18. HP: 163/169 MP: 15/24
 31279 | Shoals:4 | Noticed Ilsuiw
 31966 | Shoals:4 | Identified Guzere's Incunabulum of Shape Shifting and the Mountains
 32135 | Shoals:4 | Killed Ilsuiw
 33183 | Shoals:4 | Got a barnacled rune of Zot
 33550 | Depths:1 | Entered Level 1 of the Depths
 33635 | Depths:1 | Found a portal to a secret trove of treasure.
 33663 | Depths:1 | Found a gateway to Hell.
 33794 | Depths:1 | Noticed a lich
 33802 | Depths:1 | Killed a lich
 34326 | Depths:2 | Found a flickering gateway to a bazaar.
 34342 | Depths:2 | Found a gateway to a ziggurat.
 34352 | Bazaar   | Entered a bazaar
 34352 | Bazaar   | Found Xeixto Kaup's Armour Emporium.
 34352 | Bazaar   | Found Faba's Book Shoppe.
 34352 | Bazaar   | Found Ideimiad's Assorted Antiques.
 34352 | Bazaar   | Found Esiq's Assorted Antiques.
 34381 | Bazaar   | Bought a +1 pair of boots of flying for 148 gold pieces
 34412 | Bazaar   | Bought a scroll of identify for 26 gold pieces
 34542 | Depths:2 | Paralysed by a floating eye for 4 turns
 34551 | Depths:2 | Paralysed by a floating eye for 3 turns
 34991 | Depths:2 | Reached XP level 19. HP: 157/180 MP: 16/25
 35210 | Depths:2 | Reached skill level 5 in Throwing
 35282 | Depths:2 | Noticed Jory
 35299 | Depths:2 | Killed Jory
 35334 | Depths:2 | Identified the Tome of the Ghastly Compass
 35684 | Depths:2 | Identified Achaf's Disquisition on Attacks and Ignition
 36364 | Depths:3 | Found a one-way gate leading to the halls of Pandemonium.
 37067 | Depths:3 | Found Loanaenk's Antique Armour Shoppe.
 37070 | Depths:3 | Found Teklous's General Store.
 37072 | Depths:3 | Found Eggocos's Gadget Shoppe.
 37316 | Depths:3 | Found a one-way gate to the infinite horrors of the Abyss.
 37462 | Depths:3 | Bought a scroll of identify for 48 gold pieces
 37990 | Depths:4 | Reached XP level 20. HP: 175/191 MP: 17/26
 38133 | Depths:4 | Noticed a juggernaut
 38182 | Depths:4 | The Shining One protects you from harm!
 38752 | Depths:4 | Noticed a caustic shrike
 38753 | Depths:4 | Noticed a caustic shrike
 38754 | Depths:4 | Noticed a caustic shrike
 38794 | Depths:4 | HP: 5/192 [tentacled monstrosity (10)]
 38796 | Depths:4 | The Shining One protects you from harm!
 38799 | Depths:4 | The Shining One protects you from harm!
 38799 | Depths:4 | HP: 2/192 [tentacled monstrosity (4)]
 38799 | Depths:4 | Mangled by a tentacled monstrosity

Skill      XL: |  1  2  3  4  5  6  7  8  9 10 11 12 13 14 15 16 17 18 19 |
---------------+----------------------------------------------------------+-----
Maces & Flails | 3 5 6 8 9 11 12 13 17 18 | 18.0
Fighting       | 5 7 9 10 12 13 14 16 17 18 19 | 19.6
Armour         | 5 7 9 11 12 13 14 16 17 18 19 | 19.3
Shields        | 5 7 9 10 11 12 13 14 15 16 18 | 18.4
Dodging        | 1 3 5 6 7 9 10 11 12 13 | 13.4
Evocations     | 2 4 5 7 9 10 | 10.0
Invocations    | 2 |  2.5
Spellcasting   | 1 |  1.8
Throwing       | 2 4 6 |  6.9
Translocations | 1 3 |  3.0

Action                   |  1- 3 |  4- 6 |  7- 9 | 10-12 | 13-15 | 16-18 | 19-21 || total
-------------------------+-------+-------+-------+-------+-------+-------+-------++-------
Melee: Flail             |    84 |   116 |    48 |       |       |       |       ||   248
       Headbutt          |    11 |    27 |    94 |   329 |   303 |   403 |   269 ||  1436
       Whip              |       |       |   360 |  1175 |    13 |       |       ||  1548
       Morningstar       |       |       |       |       |  1383 |  1310 |   677 ||  3370
Throw: Tomahawk          |       |       |       |       |       |     1 |       ||     1
Invok: Cleansing Flame   |       |       |       |       |       |     1 |       ||     1
 Abil: Evoke Flight      |       |       |       |       |     2 |     1 |       ||     3
Evoke: Lamp of fire      |       |       |       |       |       |     2 |       ||     2
       Disc of storms    |       |       |       |       |       |     1 |       ||     1
  Use: Potion            |       |     3 |       |     4 |     2 |    15 |     4 ||    28
       Scroll            |       |     3 |     8 |    14 |    24 |    12 |     7 ||    68
 Stab: Petrified         |       |       |       |       |       |     3 |       ||     3
  Eat: Chunk             |     1 |     3 |    13 |    22 |    29 |    23 |     7 ||    98
       Fruit             |       |     1 |     1 |       |     5 |     6 |     1 ||    14
       Bread ration      |       |       |       |     1 |       |       |     1 ||     2
       Royal jelly       |       |       |       |     1 |       |       |       ||     1
       Meat ration       |       |       |       |       |     1 |       |       ||     1
       Pizza             |       |       |       |       |     1 |     3 |     1 ||     5
Armor: Scale mail        |    40 |    47 |    78 |       |       |       |       ||   165
       Plate armour      |       |       |       |   326 |   557 |   488 |   188 ||  1559
Dodge: Dodged            |    26 |    26 |    66 |   180 |   482 |   581 |   231 ||  1592
Block: Shield            |    40 |    56 |   106 |   416 |   883 |   996 |   396 ||  2893
